 Dungeon Crawl Stone Soup version 0.30.1 (webtiles) character file.

Game seed: 4547798474055098405

53 Arctor the Insei (level 3, 0/36 HPs)
             Began as an Octopode Transmuter on July 13, 2023.
             Slain by a centaur (5 damage)
             ... on level 3 of the Dungeon.
             The game lasted 00:01:17 (1791 turns).

Arctor the Insei (Octopode Transmuter)              Turns: 1791, Time: 00:01:18

Health: 0/36       AC: 21    Str:  9    XL:     3   Next: 89%
Magic:  5/6        EV:  2    Int: 17    God:
Gold:   176        SH:  0    Dex: 12    Spells: 5/6 levels left

rFire   . .          .
                       - Unarmed
rCold   . . .        (no shield)
rNeg    . . .        (helmet currently unavailable)
rPois   +            (no amulet)
rElec   .            (no ring)
rCorr   .            (no ring)
SInv    .            (no ring)
Will    .....        (no ring)
Stlth   +            (no ring)
HPRegen 0.26/turn    (no ring)
MPRegen 0.10/turn    (no ring)
                     (no ring)

%: no passive effects
@: tree-form
A: stationary, stasis, torment immunity, boosted hp, almost no armour,
(amphibious), 8 rings, (camouflage 1), (gelatinous body 1), (nimble swimmer 1),
(tentacles)
a: no special abilities


You were on level 3 of the Dungeon.
You were a tree.
You visited 1 branch of the dungeon, and saw 3 of its levels.

You collected 176 gold pieces.

Inventory:

Scrolls
 b - a scroll of noise
 c - a scroll of torment
 j - a scroll of fog {unknown}
Potions
 a - a potion of lignification
 d - a potion of haste {unknown}
 e - a potion of cancellation
 f - a potion of invisibility {unknown}
 g - a potion of curing {unknown}
 h - a potion of mutation {unknown}
 i - a potion of attraction {unknown}
 k - a potion of ambrosia {unknown}


   Skills:
 + Level 1.8 Fighting
 + Level 2.4 Dodging
 + Level 3.3 Unarmed Combat
 + Level 2.4 Spellcasting
 + Level 2.5 Transmutations


You had 5 spell levels left.
You knew the following spells:

 Your Spells              Type           Power      Damage    Failure   Level
a - Beastly Appendage     Tmut           20%        N/A       7%          1

Your spell library contained the following spells:

 Spells                   Type           Power      Damage    Failure   Level
 Wereblood                Tmut           10%        N/A       10%         2
 Magic Dart               Conj           8%         1d3       19%         1
 Searing Ray              Conj           4%         2d4       28%         2
 Spider Form              Tmut/Pois      6%         N/A       32%         3
 Ice Form                 Ice/Tmut       6%         N/A       73%         4
 Fulminant Prism          Conj/Hex       1%         3d5       88%         4


Dungeon Overview and Level Annotations

Branches:
Dungeon (3/15)

Altars:
Yredelemnul


Innate Abilities, Weirdness & Mutations

You are a tree.
Your roots penetrate the ground, keeping you stationary.
You cannot be teleported.
You are immune to unholy pain and torment.
Your maximum health is greatly increased.
You cannot wear most types of armour.
((You are amphibious.))
You can wear up to eight rings at the same time.
((Your skin changes colour to match your surroundings (Stealth+).))
((Your rubbery body absorbs attacks. (AC +1, EV +1)))
((You are camouflaged when in or above water. (Stealth+)))
((You have tentacles for arms and can constrict up to eight enemies at once.))


Message History

You kill the kobold!
One of your tentacles grows a vicious spike.
No target in view!
No target in view!
Things that are here:
a +2 short sword of venom; 2 poisoned darts; a kobold corpse No target in view!
Your transformation is almost over.
You now have 176 gold pieces (gained 13).
Your tentacle spike disappears.
A centaur comes into view.
A centaur is nearby!
The centaur wields a +0 shortbow.
The centaur shoots an arrow.
The arrow barely misses you.
A centaur is nearby!
The centaur unwields a +0 shortbow.
The centaur hits you. The centaur kicks you.
A centaur is nearby!
One of your tentacles grows a vicious spike.
The centaur hits you but does no damage.
The centaur closely misses you. The centaur hits you. The centaur kicks you.
You are too injured to fight recklessly!
You barely miss the centaur.
You pierce the centaur, but do no damage.
The centaur closely misses you.
The centaur kicks you but does no damage.
You tentacle-slap the centaur but do no damage.
The centaur hits you. The centaur kicks you. The centaur closely misses you.
The centaur kicks you.
You tentacle-slap the centaur but do no damage.
Your tentacle spike misses the centaur.
The centaur hits you.
* * * LOW HITPOINT WARNING * * *
The centaur misses you.
Really quaff the potion of lignification?
Your tentacle spike disappears.
You turn into a tree.
Your roots penetrate the ground.
The centaur hits you.
* * * LOW HITPOINT WARNING * * *
The centaur kicks you but does no damage.
The centaur hits you.
You die...

#.# ##########.#
.........#.#
...........# ###
...........#####.#
##...............#
#.........#####.###
#.................#
#.........#####♣#.#
#.........#....c#...
#.........#.#####
### ##.....###.#
+....... ... ## .+
...


You could see a centaur.

Vanquished Creatures
  2 adders
  A worm (D:2)
  A dart slug (D:2)
  An orc (D:3)
  2 endoplasms
  3 giant cockroaches
  2 goblins (D:3)
  2 hobgoblins
  5 kobolds
  2 quokkas (D:3)
  2 ball pythons
  4 rats
27 creatures vanquished.

Notes
Turn   | Place    | Note
-------+----------+-------------------------------------------
     0 | D:1      | Arctor the Octopode Transmuter began the quest for the Orb.
     0 | D:1      | Reached XP level 1. HP: 13/13 MP: 3/3
   507 | D:2      | Reached XP level 2. HP: 18/18 MP: 3/5
   635 | D:2      | Found a basalt altar of Yredelemnul.
   748 | D:2      | Reached XP level 3. HP: 21/23 MP: 3/6
  1783 | D:3      | Noticed a centaur
  1791 | D:3      | Slain by a centaur

Illustrated notes

Levels and vault maps discovered:
D:1:      ldierk_walled_garden_2, layout_rooms
D:2:      layout_basic, basic_altar, serial_rivers,
          chequers_serial_rivers_room_b, chequers_serial_rivers_small_b,
          chequers_serial_rivers_small_3, chequers_serial_rivers_room_b,
          chequers_serial_rivers_room_b
D:3:      kennysheep_big_flooded_room, layout_basic,
          nicolae_overflow_hidden_temple, nicolae_ru_path_of_blood

Action                     || total
---------------------------++-------
  Melee: Unarmed           ||    56
         Tentacles         ||     9
         Constrict         ||    12
         Kick              ||    12
         Punch             ||     2
   Cast: Beastly Appendage ||    30
    Use: Scroll            ||     3
         Potion            ||     1
   Stab: Sleeping          ||     6
 Armour: Skin              ||     5
  Dodge: Dodged            ||    36
